 Dungeon Crawl Stone Soup version 0.31.0-12-g77e489cdc1 (webtiles) character file.

Game seed: 815425677259702074

55 monsoonserge the Ruffian (level 3, -10/23 HPs)
             Began as an Octopode Shapeshifter on Feb 22, 2024.
             Mangled by Terence
             ... wielding a +1 falchion of electrocution
              (15 damage)
             ... on level 2 of the Dungeon.
             The game lasted 00:02:40 (738 turns).

monsoonserge the Ruffian (Octopode Shapeshifter)     Turns: 738, Time: 00:02:41

Health: -10/23     AC:  1    Str: 15    XL:     3   Next: 93%
Magic:  3/3        EV: 13    Int: 12    God:
Gold:   27         SH:  0    Dex: 11    Spells: 2/2 levels left

rFire   . .          .
                       - Unarmed
rCold   . . .        (no shield)
rNeg    . . .        (helmet currently unavailable)
rPois   .            (no amulet)
rElec   .            (no ring)
rCorr   .            (no ring)
SInv    .            (no ring)
Will    .....        (no ring)
Stlth   ++           (no ring)
HPRegen 0.23/turn    (no ring)
MPRegen 0.08/turn    (no ring)
                     (no ring)

%: no passive effects
@: beast-form
A: beast (slay +1), almost no armour, amphibious, 8 rings, camouflage 1,
gelatinous body 1, (nimble swimmer 1), tentacles
a: Begin Untransformation


You were on level 2 of the Dungeon.
You were a hulking beast.
You visited 1 branch of the dungeon, and saw 2 of its levels.

You collected 27 gold pieces.

Inventory:

Talismans
 b - a beast talisman
 c - a flux talisman
Scrolls
 d - a scroll of blinking {unknown}
 f - a scroll of teleportation {unknown}
 g - a scroll of enchant weapon {unknown}
 h - a scroll of enchant armour {unknown}
 i - a scroll of amnesia {unknown}
Potions
 a - a potion of lignification
 e - 3 potions of curing {unknown}


   Skills:
 + Level 1.2 Fighting
 + Level 2.0 Dodging
 + Level 0.6 Stealth
 * Level 4.5 Unarmed Combat
 - Level 3.0 Shapeshifting


You had 2 spell levels left.
You didn't know any spells.
Your spell library contained the following spells:

 Spells                   Type           Power      Damage    Failure   Level
 Ozocubu's Armour         Ice            0%         N/A       69%         3
 Metabolic Englaciation   Hex/Ice        0%         N/A       100%        5
 Sculpt Simulacrum        Ice/Alch       0%         N/A       100%        6


Dungeon Overview and Level Annotations

Branches:
Dungeon (2/15)

Altars:

Annotations:
D:2 Terence


Innate Abilities, Weirdness & Mutations

You are a hulking beast.
Your limbs bulge with bestial killing power. (Slay +1)
You cannot wear most types of armour.
You are amphibious.
You can wear up to eight rings at the same time.
Your skin changes colour to match your surroundings (Stealth+).
Your rubbery body absorbs attacks. (AC +1, EV +1)
((You are camouflaged when in or above water. (Stealth+)))
You have tentacles for arms and can constrict up to eight enemies at once.


Message History

Terence shouts!
You bludgeon the jackal!
You kill the jackal!
The jackal barely misses you.
You tentacle-slap the jackal. You grab the jackal.
The jackal is almost dead.
You constrict the jackal.
You kill the jackal!
A jackal comes into view.
You see here a jackal corpse.
You barely miss Terence. You grab Terence.
You tentacle-slap Terence, but do no damage.
You constrict Terence.
You tentacle-slap Terence but do no damage.
Terence is lightly wounded.
You constrict Terence, but do no damage.
Terence completely misses you.
The jackal bites you but does no damage.
You tentacle-slap the jackal. Your grab misses the jackal.
The jackal is heavily wounded.
You constrict Terence.
Terence hits you with a +1 falchion of electrocution!
The jackal barely misses you.
You tentacle-slap the jackal but do no damage.
Your grab misses the jackal.
The jackal is heavily wounded.
You constrict Terence, but do no damage.
The jackal bites you but does no damage.
Terence misses you.
You miss the jackal. You grab the jackal.
The jackal is heavily wounded.
You constrict Terence.
You constrict the jackal, but do no damage.
The jackal bites you.
Terence hits you with a +1 falchion of electrocution.
* * * LOW HITPOINT WARNING * * *
You are electrocuted!
Ouch! That really hurt!
You die...
Terence says, "Rest in peace."

#.# #.# #.$..
#.# #.# .....
#.# #.##....#
#.####.......#
#....'.......#
######.......#
#...h...#
#h###.### #h#
# #@# ...
#...# #....
#...## #....
#....


You could see Terence and a jackal.

Vanquished Creatures
  2 adders (D:2)
  A dart slug (D:1)
  A ribbon worm (D:2)
  An endoplasm (D:1)
  2 giant cockroaches (D:1)
  A hobgoblin (D:1)
  6 jackals (D:2)
  6 kobolds
  2 quokkas (D:1)
  3 ball pythons
  3 bats
  A frilled lizard (D:2)
  2 goblins
  A rat (D:1)
32 creatures vanquished.

Notes
Turn   | Place    | Note
-------+----------+-------------------------------------------
     0 | D:1      | monsoonserge the Octopode Shapeshifter began the quest for
                  | the Orb.
     0 | D:1      | Reached XP level 1. HP: 13/13 MP: 1/1
   138 | D:1      | Reached XP level 2. HP: 14/18 MP: 2/2
   602 | D:2      | Reached XP level 3. HP: 23/23 MP: 3/3
   604 | D:2      | Reached skill level 4 in Unarmed Combat
   729 | D:2      | Noticed Terence
   738 | D:2      | Mangled by Terence

Illustrated notes

Levels and vault maps discovered:
D:1:      minmay_arrival_four_circles, layout_basic
D:2:      cheibrodos_fertilizer, layout_basic,
          hellmonk_ecumenical_altar_lost_god, minmay_rat_gold_closets,
          uniq_terence

Skill      XL: |  1  2  3 |
---------------+----------+-----
Unarmed Combat | 4 |  4.5
Fighting       | |  1.2
Dodging        | |  2.0
Stealth        | |  0.6
Shapeshifting  | |  3.0

Action                     || total
---------------------------++-------
  Melee: Unarmed           ||    65
         Constrict         ||    20
         Tentacles         ||     6
         Punch             ||     4
   Stab: Sleeping          ||     3
 Armour: Skin              ||    18
  Dodge: Dodged            ||    37
